 Dungeon Crawl Stone Soup version 0.22-a0-402-ga933591 (webtiles) character file.

102 mortelune the Firebug (level 4, -6/24 HPs)
             Began as a Deep Elf Fire Elementalist on May 6, 2018.
             Mangled by foolusion's ghost (15 damage)
             ... on level 3 of the Dungeon.
             The game lasted 00:05:59 (2858 turns).

mortelune the Firebug (Deep Elf Fire Elementalist)  Turns: 2858, Time: 00:06:00

Health: -6/24      AC:  7    Str:  5    XL:     4   Next: 49%
Magic:  0/11       EV: 13    Int: 21    God:
Gold:   81         SH:  0    Dex: 15    Spells: 4/10 levels left

rFire    . . .     SeeInvis .   p - +0 spear
rCold    . . .     Gourm    .   (no shield)
rNeg     + . .     Faith    .   a - +0 robe
rPois    .         Spirit   .   (no helmet)
rElec    .         Reflect  .   (no cloak)
rCorr    .         Harm     .   t - +0 pair of gloves
MR       .....                  l - +0 pair of boots
Stlth    ++........             (no amulet)
HPRegen  0.08/turn              e - ring of positive energy
MPRegen  0.12/turn              s - +3 ring of protection

@: no status effects
A: no striking features
a: no special abilities


You were on level 3 of the Dungeon.
You were hungry.

You visited 1 branch of the dungeon, and saw 3 of its levels.

You collected 81 gold pieces.

Inventory:

Hand Weapons
 h - a +0 dagger
 m - a +0 great sword
 p - a +0 spear (weapon)
Armour
 a - a +0 robe (worn)
 l - a +0 pair of boots (worn)
 t - a +0 pair of gloves (worn)
Jewellery
 e - a ring of positive energy (left hand)
 s - a +3 ring of protection (right hand)
Scrolls
 b - a scroll of amnesia
 d - a scroll of enchant weapon {unknown}
 f - a scroll of random uselessness {unknown}
 i - a scroll of fog {unknown}
 j - 2 scrolls of remove curse
 r - a scroll of teleportation {unknown}
Potions
 g - a potion of magic
 k - 2 potions of might
 n - a potion of mutation
 o - a potion of lignification
 q - a potion of flight {unknown}
Comestibles
 c - 4 rations


   Skills:
 + Level 3.1 Dodging
 - Level 2.4 Stealth
 + Level 3.7 Spellcasting
 * Level 2.8 Conjurations
 * Level 4.4 Fire Magic


You had 4 spell levels left.
You knew the following spells:

 Your Spells              Type           Power        Failure   Level  Hunger
a - Flame Tongue          Conj/Fire      ###..        2%          1    None
b - Throw Flame           Conj/Fire      ###...       4%          2    ##.....
c - Conjure Flame         Conj/Fire      ###.....     9%          3    ###....


Dungeon Overview and Level Annotations

Branches:
Dungeon (3/15)

Altars:

Annotations:
D:3 foolusion's ghost, amateur HOFi


Message History

Casting: Flame Tongue (safe; 2% risk of failure)
Confirm with . or Enter, or press ? or * to list all spells.
Aiming: Flame Tongue (safe; 2% risk of failure)
Press: ? - help, Shift-Dir - straight line, f/p - foolusion's ghost
Aim: foolusion's ghost (almost destroyed)
The flame tongue hits foolusion's ghost.
Foolusion's ghost is almost destroyed.
Foolusion's ghost wails, "You will never get the ORB!"
Casting: Flame Tongue (safe; 2% risk of failure)
Confirm with . or Enter, or press ? or * to list all spells.
Aiming: Flame Tongue (safe; 2% risk of failure)
Press: ? - help, Shift-Dir - straight line, f/p - foolusion's ghost
Aim: foolusion's ghost (almost destroyed)
The flame tongue hits foolusion's ghost.
Foolusion's ghost is almost destroyed.
Foolusion's ghost barely misses you.
Foolusion's ghost makes a sound of rattling chains.
Foolusion's ghost hits you!
Ouch! That really hurt!
You die...

####### #.....#
#####.###@######
########.......W.......#
.........###.#...#####..
.................#
.#############...#####
.# #.......รท..# .#
#.##...##.<.# .#
#.##...#.###.## .#
#.##....# #.##


You could see foolusion's ghost.

Vanquished Creatures
  Terence (D:2)
  A worker ant (D:3)
  2 oozes
  2 worms (D:3)
  2 giant cockroaches
  5 goblins
  5 hobgoblins
  4 jackals (D:1)
  A quokka (D:2)
  5 bats
  4 frilled lizards (D:1)
  2 kobolds
  5 rats
39 creatures vanquished.

Notes
Turn   | Place    | Note
-------+----------+-------------------------------------------
     0 | D:1      | mortelune the Deep Elf Fire Elementalist began the quest for the Orb.
     0 | D:1      | Reached XP level 1. HP: 10/10 MP: 6/6
   317 | D:1      | Reached XP level 2. HP: 15/15 MP: 5/8
   327 | D:1      | Learned a level 2 spell: Throw Flame
  1377 | D:2      | Reached XP level 3. HP: 19/19 MP: 2/9
  1473 | D:2      | Noticed Terence
  1542 | D:2      | Killed Terence
  1542 | D:2      | Reached skill level 4 in Fire Magic
  1755 | D:2      | Learned a level 3 spell: Conjure Flame
  2477 | D:3      | Reached XP level 4. HP: 24/24 MP: 5/11
  2805 | D:3      | Noticed foolusion's ghost (amateur HOFi)
  2858 | D:3      | Mangled by foolusion's ghost

Vault maps used:
D:1:      dpeg_arrival_short_road
D:2:      first_ration, uniq_terence
D:3:      chequers_temple_overflow_minitemple

Skill      XL: |  1  2  3 |
---------------+----------+-----
Conjurations   | 2 |  2.8
Dodging        | 3 |  3.1
Fire Magic     | 4 |  4.4
Stealth        | |  2.4
Spellcasting   | |  3.7

Action                   |  1- 3 |  4- 6 || total
-------------------------+-------+-------++-------
Melee: Spear             |       |     3 ||     3
 Cast: Flame Tongue      |    39 |    18 ||    57
       Throw Flame       |    25 |    10 ||    35
       Conjure Flame     |       |     1 ||     1
  Use: Scroll            |     6 |       ||     6
  Eat: Chunk             |     4 |     2 ||     6
Armor: Robe              |     1 |       ||     1
Dodge: Dodged            |    11 |     4 ||    15

Table legend:
 A = Spawn XP
 B = Non-spawn XP
 C = Spawn XP percentage of total XP
 D = Spawn monster count
 E = Non-spawn monster count
 F = Spawn count percentage of total count
 G = Total turns spent on level
                    A         B        C        D         E        F      G
               +---------+---------+-------+---------+---------+-------+---------
         Total |       0 |     146 |   0.0 |       0 |      39 |   0.0 |  2858
               +---------+---------+-------+---------+---------+-------+---------
           D:1 |       0 |      24 |   0.0 |       0 |      15 |   0.0 |   997
           D:2 |       0 |      67 |   0.0 |       0 |      15 |   0.0 |  1293
           D:3 |       0 |      55 |   0.0 |       0 |       9 |   0.0 |   568
               +---------+---------+-------+---------+---------+-------+---------
